 Dungeon Crawl Stone Soup version 0.27-a0-1196-g3e9cee4cb2 (webtiles) character file.

Game seed: 12510766820011849980

132 Tocho the Ogre Mage (level 5, 0/46 HPs)
             Began as an Ogre Fire Elementalist on May 30, 2021.
             Slain by an orc priest
             ... wielding a +0 trident
              (5 damage)
             ... on level 3 of the Dungeon.
             The game lasted 00:08:03 (3309 turns).

Tocho the Ogre Mage (Ogre Fire Elementalist)        Turns: 3309, Time: 00:08:04

Health: 0/46       AC:  4    Str: 12    XL:     5   Next: 15%
Magic:  2/11       EV: 10    Int: 17    God:
Gold:   52         SH:  0    Dex:  9    Spells: 11/12 levels left

rFire    . . .     SeeInvis .   b - +0 spear
rCold    . . .     Faith    .   (no shield)
rNeg     . . .     Spirit   .   a - +0 robe
rPois    .         Reflect  .   (helmet restricted)
rElec    .         Harm     .   k - +0 cloak
rCorr    .         Rampage  .   (gloves unavailable)
Will     .....                  (boots unavailable)
Stlth    ++........             f - amulet of magic regeneration
HPRegen  0.15/turn              (no ring)
MPRegen  0.37/turn              (no ring)

@: very slightly contaminated
A: large, unfitting armour, tough skin 1
a: no special abilities


You were on level 3 of the Dungeon.
You visited 1 branch of the dungeon, and saw 3 of its levels.

You collected 52 gold pieces.

Inventory:

Hand Weapons
 b - a +0 spear (weapon)
 o - a +2 mace of draining
Missiles
 g - 3 silver boomerangs
 n - 21 poisoned darts
Armour
 a - a +0 robe (worn)
 k - a +0 cloak (worn)
Jewellery
 f - an amulet of magic regeneration (around neck)
 l - a ring of poison resistance
Wands
 h - a wand of polymorph (9)
Scrolls
 e - 3 scrolls of identify {unknown}
 i - a scroll of holy word {unknown}
Potions
 c - 2 potions of invisibility {unknown}
 d - a potion of berserk rage {unknown}
 j - a potion of heal wounds {unknown}
 m - a potion of attraction {unknown}


   Skills:
 + Level 0.5 Fighting
 + Level 0.5 Polearms
 + Level 2.2 Dodging
 + Level 1.9 Stealth
 + Level 4.0 Spellcasting
 + Level 1.5 Conjurations
 + Level 3.4 Fire Magic


You had 11 spell levels left.
You knew the following spells:

 Your Spells              Type           Power      Damage    Failure   Level
a - Foxfire               Conj/Fire      44%        2x1d6     5%          1

Your spell library contained the following spells:

 Spells                   Type           Power      Damage    Failure   Level
 Conjure Flame            Conj/Fire      11%        6-21      17%         3
 Inner Flame              Hex/Fire       9%         N/A       24%         3
 Sticky Flame             Conj/Fire      11%        2d3       50%         4
 Fireball                 Conj/Fire      5%         3d5       83%         5


Dungeon Overview and Level Annotations

Branches:
Dungeon (3/15)

Altars:


Innate Abilities, Weirdness & Mutations

You are too large for most types of armour.
You have tough skin. (AC +1)


Message History

The orc closely misses you. The orc wizard barely misses you.
You closely miss the orc wizard.
The orc wizard is almost dead.
The orc priest miscasts a cantrip.
The orc closely misses you.
The orc wizard hits you but does no damage.
You feel drained.
The orc priest invokes the aid of Beogh against you.
Beogh smites you!
Unknown command.
You hit the orc wizard but do no damage.
The orc wizard is almost dead.
The orc hits you with a +0 flail.
The orc wizard hits you with a +2 dagger of draining.
You feel drained.
* * * LOW HITPOINT WARNING * * *
You hit the orc wizard.
You kill the orc wizard!
The orc priest invokes the aid of Beogh against you.
You barely resist.
Your magical contamination has completely faded away.
Your life force feels restored.
Your Spellcasting skill increases to level 4!
You have reached level 5!
Casting: Foxfire (safe; 5% risk of failure)
Press: ? - help, Q - select action, (/) - cycle Dir - look around, f - activate You miscast Foxfire.
You are very lightly contaminated with residual magic.
Nothing appears to happen.
The orc priest calls down the wrath of Beogh upon you.
Beogh smites you!
* * * LOW HITPOINT WARNING * * *
You closely miss the orc. The orc barely misses you.
The orc priest hits you but does no damage.
The orc hits you but does no damage.
Casting: Foxfire (safe; 5% risk of failure)
Press: ? - help, Q - select action, (/) - cycle Dir - look around, f - activate You conjure some foxfire!
The orc priest hits you from afar with a +0 trident.
You die...

#...... ## ...
..##.... . .#. ...
#..## . .. . #....
#... #.##. #.#)
#.##. ... #....
####o#### ####.
#....o@v# #.
#.##.##v##########
#.
#.ยง...........#
#. ####.##.#)###.#
#.
#.#........#####.
[.#..#...........
####..#..#..######
#..####..#
#........#


You could see an orc priest and an orc (ally target).

Vanquished Creatures
  Crazy Yiuf (D:2)
  An orc wizard (D:3)
  A hound zombie (D:3)
  An adder (D:2)
  A worm (D:2)
  3 dart slugs
  An orc (D:3)
  3 ball pythons
  7 bats
  2 endoplasms (D:2)
  5 goblins
  5 hobgoblins
  4 kobolds
  2 quokkas
  2 frilled lizards
  3 rats
42 creatures vanquished.

Vanquished Creatures (others)
  135 foxfires
135 creatures vanquished.

Grand Total: 177 creatures vanquished

Notes
Turn   | Place    | Note
-------+----------+-------------------------------------------
     0 | D:1      | Tocho the Ogre Fire Elementalist began the quest for the
                  | Orb.
     0 | D:1      | Reached XP level 1. HP: 16/16 MP: 3/3
    67 | D:1      | Found a faded altar of an unknown god.
   262 | D:1      | Reached XP level 2. HP: 19/24 MP: 3/5
  1366 | D:1      | Reached skill level 1 in Conjurations
  1741 | D:2      | Reached skill level 3 in Spellcasting
  1741 | D:2      | Reached XP level 3. HP: 31/31 MP: 5/7
  1894 | D:2      | Found a runed translucent door.
  1895 | D:2      | Noticed Crazy Yiuf
  1906 | D:2      | Killed Crazy Yiuf
  1907 | D:2      | Reached XP level 4. HP: 9/40 MP: 4/8
  3307 | D:3      | Reached skill level 4 in Spellcasting
  3307 | D:3      | Reached XP level 5. HP: 14/46 MP: 3/11
  3309 | D:3      | Slain by an orc priest

Illustrated notes

Levels and vault maps discovered:
D:1:      eino_arrival_cavern_a, layout_rooms, hellmonk_ecumenical_altar_blasted
D:2:      minmay_chambers_of_twos, layout_basic, kennysheep_generic_room_3,
          uniq_crazy_yiuf_cottage
D:3:      layout_loops_cross, uniq_robin

Skill      XL: |  1  2  3  4 |
---------------+-------------+-----
Fire Magic     | 3 |  3.4
Conjurations   | 1 |  1.5
Spellcasting   | 3 4 |  4.0
Dodging        | 2 |  2.2
Fighting       | |  0.5
Polearms       | |  0.5
Stealth        | |  1.9

Action                   |  1- 3 |  4- 6 || total
-------------------------+-------+-------++-------
Melee: Spear             |    55 |    20 ||    75
       Unarmed           |     1 |       ||     1
 Cast: Foxfire           |    32 |    59 ||    91
 Stab: Sleeping          |     1 |       ||     1
Armor: Robe              |    27 |    15 ||    42
Dodge: Dodged            |    32 |    13 ||    45

Table legend: (Time is in decaauts)
 A = Elapsed time spent in this place.
 B = Non-inter-level travel time spent in this place.
 C = Inter-level travel time spent in this place.
 D = Time resting spent in this place.
 E = Time spent auto-exploring this place.
 F = Levels seen in this place.
 G = Mean time per level.
                   A        B        C        D        E       F      G
               +--------+--------+--------+--------+--------+-----+--------+
         Total |   3315 |   3185 |    130 |   1082 |   1318 |   3 | 1105.0 |
       Dungeon |   3315 |   3185 |    130 |   1082 |   1318 |   3 | 1105.0 |
               +--------+--------+--------+--------+--------+-----+--------+

Top non-repeatable levels by time:
     D:2: 1699 daAuts
     D:1: 1468 daAuts
     D:3: 147 daAuts
